[Event "IIFL Wealth 4th Mumbai Open"]
[Site "Mumbai"]
[Date "2019.01.05"]
[Round "7"]
[White "Raghav, Srivathsav V"]
[Black "Aditya Varun Gampa"]
[Result "1-0"]
[ECO "B20"]
[WhiteElo "2056"]
[BlackElo "1809"]
[Annotator "NA"]
[PlyCount "141"]
[EventDate "2018.12.30"]
[EventType "swiss"]
[EventCountry "IND"]
[SourceTitle "playchess.com"]
[Source "ChessBase"]
[SourceQuality "1"]
[TimeControl "40/5400+30:1800+30"]

1. e4 c5 2. b3 g6 3. Bb2 Nf6 4. g3 Bg7 5. Bg2 d6 6. Ne2 O-O 7. O-O Nc6 8. Nbc3 Bd7 9. h3 Rb8 10. a4 e5 11. f4 exf4 12. Nxf4 Nd4 13. Rb1 Be6 14. Nce2 d5 15. Nxd4 cxd4 16. Bxd4 Nxe4 17. Bxg7 Kxg7 18. Qe1 Qg5 19. Kh2 Rfe8 20. Qe3 Kg8 21. d3 Nd6 22. Qxa7 Nf5 23. Qf2 d4 24. Nxe6 fxe6 25. Qf4 Qxf4 26. Rxf4 e5 27. Re4 Rbc8 28. Re2 Re7 29. Rbe1 Ne3 30. c4 Rf8 31. a5 Kg7 32. Kg1 h5 33. h4 Ref7 34. b4 Rf3 35. Bxf3 Rxf3 36. Rxe3 dxe3 37. Re2 Rxg3+ 38. Kh2 Rf3 39. Kg2 Rf4 40. Rxe3 Rxh4 41. Rxe5 Rg4+ 42. Kh3 Kf6 43. Rb5 g5 44. Rxb7 Rd4 45. a6 Rxd3+ 46. Kg2 Ra3 47. a7 Ra2+ 48. Kf1 h4 49. b5 Kf5 50. b6 h3 51. Rh7 g4 52. b7 Rxa7 53. b8=Q Rxh7 54. Qc8+ Kf4 55. Qf8+ Ke4 56. Qg8 Re7 57. Qxg4+ Ke5 58. Qxh3 Kd6 59. c5+ Kc6 60. Qf3+ Kc7 61. Qf4+ Kb7 62. Qb4+ Kc8 63. c6 Ra7 64. Qf8+ Kc7 65. Qe7+ Kb6 66. Qe3+ Ka6 67. Qd3+ Kb6 68. Qd4+ Ka6 69. Qd8 Rf7+ 70. Ke2 Rc7 71. Qxc7 1-0

[Event "IIFL Wealth 4th Mumbai Open"]
[Site "Mumbai"]
[Date "2019.01.05"]
[Round "7"]
[White "Vahdatian, Davood"]
[Black "Samrat, Ghorai"]
[Result "0-1"]
[ECO "B43"]
[WhiteElo "2036"]
[BlackElo "1984"]
[Annotator "NA"]
[PlyCount "118"]
[EventDate "2018.12.30"]
[EventType "swiss"]
[EventCountry "IND"]
[SourceTitle "playchess.com"]
[Source "ChessBase"]
[SourceQuality "1"]
[TimeControl "40/5400+30:1800+30"]

1. e4 c5 2. Nf3 e6 3. d4 cxd4 4. Nxd4 a6 5. Nc3 Qc7 6. Bd3 Nf6 7. f4 d6 8. O-O b5 9. a3 Bb7 10. Qf3 Nbd7 11. Be3 h5 12. Kh1 h4 13. Kg1 Be7 14. Rae1 Nb6 15. Qe2 h3 16. g3 Rc8 17. Bf2 Nc4 18. Ncxb5 axb5 19. Nxb5 Qa5 20. Bxc4 Nxe4 21. Bd3 Nxf2 22. Rxf2 Qb6 23. c3 Bd5 24. Nd4 Bf6 25. Nf5 g6 26. Ne3 Ba8 27. Ng4 Be7 28. f5 Qb7 29. Rf4 gxf5 30. Bxf5 Qh1+ 31. Kf2 Qg2+ 32. Ke3 Qxe2+ 33. Kxe2 exf5 34. Rxf5 Rc5 35. Rf4 Bd5 36. Kd3 Be6 37. b4 Rc7 38. a4 Kd7 39. Nf6+ Bxf6 40. Rxf6 Rhc8 41. Rc1 Rc4 42. Rff1 d5 43. Rf4 Ra8 44. Ra1 Kc6 45. Rxc4+ dxc4+ 46. Ke4 Rd8 47. Ra2 Kb6 48. Kf4 Rd3 49. Ra3 Rd2 50. g4 Rb2 51. Ra1 Rxh2 52. a5+ Ka7 53. b5 Rb2 54. Rh1 h2 55. Kg3 Bd7 56. g5 Bxb5 57. Rxh2 Rxh2 58. Kxh2 Ba4 59. Kg3 Bc2 0-1

[Event "IIFL Wealth 4th Mumbai Open"]
[Site "Mumbai"]
[Date "2019.01.05"]
[Round "7"]
[White "Thatte Ashish P"]
[Black "Dhanashree, Pandit"]
[Result "0-1"]
[ECO "A00"]
[WhiteElo "1957"]
[BlackElo "1676"]
[Annotator "NA"]
[PlyCount "96"]
[EventDate "2018.12.30"]
[EventType "swiss"]
[EventCountry "IND"]
[SourceTitle "playchess.com"]
[Source "ChessBase"]
[SourceQuality "1"]
[TimeControl "40/5400+30:1800+30"]

1. a3 d5 2. Nf3 Nf6 3. g3 e6 4. Bg2 c5 5. c4 Nc6 6. O-O Be7 7. cxd5 exd5 8. d4 O-O 9. Nc3 h6 10. Bf4 Bg4 11. Ne5 cxd4 12. Nxg4 dxc3 13. Nxf6+ Bxf6 14. bxc3 Bxc3 15. Rb1 b6 16. Qxd5 Qxd5 17. Bxd5 Rac8 18. Rfc1 Nd4 19. Kf1 Ba5 20. Bb7 Rxc1+ 21. Rxc1 Ne6 22. Bd6 Rd8 23. Rc8 Rxc8 24. Bxc8 Bc3 25. Bb8 a5 26. Bxe6 fxe6 27. a4 Kf7 28. Bc7 Bd4 29. e3 Bc5 30. Ke2 Ke7 31. Kd3 Kd7 32. Be5 g6 33. Kc4 Kc6 34. g4 Bb4 35. Bd4 Be1 36. f3 Bf2 37. f4 h5 38. gxh5 gxh5 39. e4 Bxd4 40. Kxd4 b5 41. axb5+ Kxb5 42. f5 exf5 43. exf5 Kc6 44. Ke5 Kd7 45. Kf6 a4 46. Kg6 a3 47. f6 a2 48. f7 Ke7 0-1

[Event "IIFL Wealth 4th Mumbai Open"]
[Site "Mumbai"]
[Date "2019.01.05"]
[Round "7"]
[White "Devesh Anand Naik"]
[Black "Dhanvij Ansh"]
[Result "1-0"]
[ECO "B24"]
[WhiteElo "1830"]
[BlackElo "1523"]
[Annotator "NA"]
[PlyCount "67"]
[EventDate "2018.12.30"]
[EventType "swiss"]
[EventCountry "IND"]
[SourceTitle "playchess.com"]
[Source "ChessBase"]
[SourceQuality "1"]
[TimeControl "40/5400+30:1800+30"]

1. e4 c5 2. Nc3 Nc6 3. Bb5 g6 4. Bxc6 dxc6 5. f4 Bg7 6. Nf3 e6 7. O-O Ne7 8. d3 b6 9. e5 Ba6 10. Ne4 O-O 11. Qe1 Nf5 12. b3 Nd4 13. Nxd4 cxd4 14. f5 exf5 15. Bg5 f6 16. exf6 Bxf6 17. Nxf6+ Rxf6 18. Qh4 Kg7 19. Rae1 h5 20. Bxf6+ Qxf6 21. Re7+ Qf7 22. Rxf7+ Kxf7 23. Re1 Re8 24. Rxe8 Kxe8 25. Qxd4 Bc8 26. Qh8+ Kd7 27. Qg7+ Kd6 28. Qxg6+ Kc7 29. Qxh5 Be6 30. Qg6 Bd7 31. h4 f4 32. h5 f3 33. gxf3 a5 34. h6 1-0

[Event "IIFL Wealth 4th Mumbai Open"]
[Site "Mumbai"]
[Date "2019.01.05"]
[Round "7"]
[White "Unni, C. S."]
[Black "Nehete Arnav"]
[Result "1/2-1/2"]
[ECO "E07"]
[WhiteElo "1827"]
[BlackElo "1544"]
[Annotator "NA"]
[PlyCount "191"]
[EventDate "2018.12.30"]
[EventType "swiss"]
[EventCountry "IND"]
[SourceTitle "playchess.com"]
[Source "ChessBase"]
[SourceQuality "1"]
[TimeControl "40/5400+30:1800+30"]

1. d4 Nf6 2. c4 e6 3. Nf3 d5 4. g3 Be7 5. Bg2 O-O 6. O-O Nbd7 7. b3 c6 8. Bb2 b6 9. Ne5 Bb7 10. Nc3 c5 11. e3 Rc8 12. Re1 a6 13. Rc1 cxd4 14. exd4 Nb8 15. a3 Nc6 16. cxd5 exd5 17. b4 b5 18. Qd3 Bd6 19. Rcd1 Ne7 20. h3 Re8 21. g4 Ng6 22. Qg3 Rc7 23. f4 Rce7 24. Qf2 Qb6 25. Kf1 a5 26. Na2 axb4 27. Nxb4 Qa5 28. g5 Nh5 29. Nxd5 Bxd5 30. Bxd5 Nhxf4 31. Bc6 Rc8 32. d5 Nxh3 33. Qf5 Rf8 34. Nd7 Rfe8 35. Rxe7 Nxe7 36. Qxh3 b4 37. Nf6+ gxf6 38. gxf6 Qa6+ 39. Kg1 Qe2 40. Qg2+ Qxg2+ 41. Kxg2 Nxc6 42. dxc6 bxa3 43. Bxa3 Be5 44. Be7 Rc8 45. Kf3 h6 46. Ke4 Bxf6 47. Bxf6 Rxc6 48. Kf5 Rc5+ 49. Be5 Kf8 50. Rd6 h5 51. Rh6 Ke7 52. Rxh5 Ra5 53. Rh6 Rb5 54. Rc6 Rb7 55. Ra6 Rb5 56. Ke4 Rb4+ 57. Kd5 Rb5+ 58. Kd4 Rb1 59. Bf6+ Kd7 60. Kc5 Rc1+ 61. Kd5 Rd1+ 62. Bd4 Rc1 63. Rf6 Ke7 64. Rf3 Rd1 65. Ra3 Kd7 66. Ra7+ Ke8 67. Kc5 Rh1 68. Bf6 Rc1+ 69. Kd5 Rd1+ 70. Bd4 Rh1 71. Bc5 Rd1+ 72. Kc6 Rd8 73. Bd6 Rc8+ 74. Kd5 Rd8 75. Ke5 Rd7 76. Ra3 Rb7 77. Rf3 Rb5+ 78. Kd4 Kd7 79. Bc5 Ke6 80. Re3+ Kf6 81. Be7+ Kf5 82. Bc5 Rb8 83. Bd6 Rb5 84. Re7 Kf6 85. Re8 Rb1 86. Be5+ Kf5 87. Bd6 Rd1+ 88. Kc5 Rc1+ 89. Kd5 Rd1+ 90. Kc6 Rc1+ 91. Kd7 Kg6 92. Rg8+ Kf6 93. Be7+ Ke5 94. Bd6+ Kf6 95. Rg2 Rd1 96. Rg4 1/2-1/2

[Event "IIFL Wealth 4th Mumbai Open"]
[Site "Mumbai"]
[Date "2019.01.05"]
[Round "7"]
[White "Barde Om"]
[Black "Ratnapriya K"]
[Result "1-0"]
[ECO "C55"]
[WhiteElo "1801"]
[BlackElo "1508"]
[Annotator "NA"]
[PlyCount "117"]
[EventDate "2018.12.30"]
[EventType "swiss"]
[EventCountry "IND"]
[SourceTitle "playchess.com"]
[Source "ChessBase"]
[SourceQuality "1"]
[TimeControl "40/5400+30:1800+30"]

1. e4 e5 2. Nf3 Nc6 3. Bc4 Nf6 4. d3 Be7 5. c3 O-O 6. O-O d5 7. exd5 Nxd5 8. h3 Be6 9. Re1 Qd6 10. Qe2 Bf6 11. Na3 a6 12. Bb3 Nb6 13. Bxe6 Qxe6 14. Be3 Nd5 15. Nc4 Rfe8 16. Ncd2 Nxe3 17. Qxe3 g6 18. Nb3 b6 19. Qe2 Bg7 20. Rad1 a5 21. Qf1 Qc8 22. Re2 a4 23. Nbd2 b5 24. a3 Qd7 25. Ne4 f5 26. Ng3 Qf7 27. Qe1 Re7 28. Qd2 Rd8 29. Qc2 Red7 30. Ree1 Qb3 31. Qb1 e4 32. Nd2 Qf7 33. d4 Bh6 34. Ngf1 Na5 35. f3 exf3 36. Nxf3 Qb3 37. N1d2 Bxd2 38. Rxd2 Nc4 39. Rde2 c5 40. Qc1 Nd6 41. dxc5 Ne4 42. Nd4 Qc4 43. c6 Rc7 44. Qf4 Rdc8 45. Qe5 Qc5 46. Rxe4 Qxe5 47. Rxe5 Kf7 48. Nxb5 Rxc6 49. Re7+ Kg8 50. Na7 R6c7 51. Nxc8 Rxc8 52. Re8+ Rxe8 53. Rxe8+ Kf7 54. Re1 Kf6 55. c4 Kg5 56. c5 Kh5 57. c6 g5 58. c7 Kh4 59. c8=Q 1-0

[Event "IIFL Wealth 4th Mumbai Open"]
[Site "Mumbai"]
[Date "2019.01.05"]
[Round "7"]
[White "Abhinessh S"]
[Black "Sa, Kannan"]
[Result "0-1"]
[ECO "C00"]
[WhiteElo "1790"]
[BlackElo "2069"]
[Annotator "NA"]
[PlyCount "70"]
[EventDate "2018.12.30"]
[EventType "swiss"]
[EventCountry "IND"]
[SourceTitle "playchess.com"]
[Source "ChessBase"]
[SourceQuality "1"]
[TimeControl "40/5400+30:1800+30"]

1. e4 e6 2. d4 b6 3. Nf3 Bb7 4. Bd3 Nf6 5. Bg5 h6 6. Bxf6 Qxf6 7. Nbd2 d6 8. c3 Nd7 9. Qe2 Qd8 10. a4 a6 11. O-O Be7 12. Ne1 O-O 13. f4 c5 14. Nc4 cxd4 15. cxd4 d5 16. exd5 Bxd5 17. Ne5 a5 18. f5 Nxe5 19. dxe5 Bc5+ 20. Kh1 exf5 21. Bxf5 Qg5 22. Be4 Rad8 23. Nf3 Qe3 24. Qxe3 Bxe3 25. Rfe1 Bxe4 26. Rxe3 Bxf3 27. gxf3 Rd2 28. Rb3 Rc8 29. Rc3 Re8 30. f4 Rxb2 31. Rg3 Rf2 32. Rag1 g6 33. Rg4 h5 34. R1g2 Rf3 35. R2g3 hxg4 0-1

[Event "IIFL Wealth 4th Mumbai Open"]
[Site "Mumbai"]
[Date "2019.01.05"]
[Round "7"]
[White "Kapadi, Yash"]
[Black "Gengaje Pratik"]
[Result "1-0"]
[ECO "A05"]
[WhiteElo "1748"]
[BlackElo "1624"]
[Annotator "NA"]
[PlyCount "123"]
[EventDate "2018.12.30"]
[EventType "swiss"]
[EventCountry "IND"]
[SourceTitle "playchess.com"]
[Source "ChessBase"]
[SourceQuality "1"]
[TimeControl "40/5400+30:1800+30"]

1. Nf3 Nf6 2. g3 d5 3. Bg2 g6 4. O-O Bg7 5. c4 c6 6. cxd5 cxd5 7. d4 Nc6 8. Nc3 O-O 9. Bf4 Nh5 10. Be3 e6 11. Qd2 Re8 12. Rfd1 Na5 13. b3 Bd7 14. Ne5 Nc6 15. f4 Bf8 16. Bf2 f6 17. Nd3 f5 18. a3 Nf6 19. b4 Ne4 20. Nxe4 fxe4 21. Ne5 Rc8 22. g4 Nxe5 23. dxe5 Ba4 24. Rdc1 Rxc1+ 25. Rxc1 a6 26. Qc3 Qe7 27. Qe3 Bc6 28. Rc3 Qd7 29. Rc1 Qe7 30. Qb6 Qf7 31. Bg3 Be7 32. Bh3 Bd8 33. Qe3 Qd7 34. Qd4 a5 35. Rf1 axb4 36. axb4 Bb5 37. Rf2 Qc6 38. e3 Bb6 39. Qd2 Ra8 40. Bf1 Ra1 41. Kg2 Rxf1 42. Rxf1 Bxf1+ 43. Kxf1 Qc4+ 44. Kg2 d4 45. exd4 Bxd4 46. b5 e3 47. Qa5 Qd5+ 48. Kf1 Qf3+ 49. Ke1 b6 50. Qb4 Bc5 51. Qc4 Qh1+ 52. Ke2 Qg2+ 53. Kd3 Qd2+ 54. Ke4 Qg2+ 55. Kd3 Qd2+ 56. Ke4 Kf7 57. f5 gxf5+ 58. gxf5 Qg2+ 59. Kf4 e2 60. Qxe6+ Kf8 61. Qc8+ Ke7 62. Bh4+ 1-0

[Event "IIFL Wealth 4th Mumbai Open"]
[Site "Mumbai"]
[Date "2019.01.05"]
[Round "7"]
[White "Shivasubramanian R"]
[Black "Negi Augustiya"]
[Result "1/2-1/2"]
[ECO "B53"]
[WhiteElo "1738"]
[BlackElo "1521"]
[Annotator "NA"]
[PlyCount "85"]
[EventDate "2018.12.30"]
[EventType "swiss"]
[EventCountry "IND"]
[SourceTitle "playchess.com"]
[Source "ChessBase"]
[SourceQuality "1"]
[TimeControl "40/5400+30:1800+30"]

1. e4 c5 2. Nf3 d6 3. d4 cxd4 4. Qxd4 Nc6 5. Bb5 Bd7 6. Bxc6 Bxc6 7. Bg5 Qb6 8. Nc3 Qxd4 9. Nxd4 h6 10. Be3 a6 11. a4 Nf6 12. f3 e6 13. O-O Be7 14. b4 O-O 15. b5 axb5 16. axb5 Bd7 17. b6 Rxa1 18. Rxa1 Bd8 19. Ndb5 Be7 20. Rd1 Bxb5 21. Nxb5 d5 22. e5 Nd7 23. c4 Nxe5 24. cxd5 Nc4 25. Bf2 exd5 26. Rxd5 Rd8 27. Nc7 Kf8 28. Kf1 Rxd5 29. Nxd5 Ke8 30. Ke2 Kd7 31. Kd3 Nb2+ 32. Kc2 Nc4 33. Kc3 Nd6 34. Kd4 Bd8 35. Kc5 Nc8 36. Bd4 f6 37. g4 Ke6 38. h4 Be7+ 39. Nxe7 Nxe7 40. h5 Nc6 41. f4 Nxd4 42. Kxd4 Kd6 43. Ke4 {Ke5+} 1/2-1/2

[Event "IIFL Wealth 4th Mumbai Open"]
[Site "Mumbai"]
[Date "2019.01.05"]
[Round "7"]
[White "Pawar, Harshit"]
[Black "Kothari, Swapnil"]
[Result "1-0"]
[ECO "B22"]
[WhiteElo "1719"]
[BlackElo "1870"]
[Annotator "NA"]
[PlyCount "111"]
[EventDate "2018.12.30"]
[EventType "swiss"]
[EventCountry "IND"]
[SourceTitle "playchess.com"]
[Source "ChessBase"]
[SourceQuality "1"]
[TimeControl "40/5400+30:1800+30"]

1. e4 c5 2. c3 e6 3. Nf3 d5 4. exd5 exd5 5. d4 Nf6 6. Bb5+ Bd7 7. Bxd7+ Nbxd7 8. O-O Be7 9. Bf4 O-O 10. Nbd2 Nh5 11. Be3 Qc7 12. dxc5 Nxc5 13. Nd4 g6 14. N2b3 Na4 15. Qc2 Bd6 16. Nf3 Nb6 17. Nbd4 Qd7 18. b3 Nf6 19. a4 Qg4 20. h3 Qh5 21. Nb5 Bb8 22. Bxb6 axb6 23. Rad1 Rc8 24. Qd3 Rc5 25. Qd4 Qf5 26. Rfe1 Bf4 27. Re7 Rb8 28. Rde1 Ne4 29. g4 Qc8 30. b4 Rxb5 31. axb5 Bd6 32. Qxd5 Bxe7 33. Rxe4 Bf6 34. Ne5 Bxe5 35. Qxe5 Ra8 36. Kg2 Qf8 37. Qf6 Qc8 38. Qxb6 Qxc3 39. Qxb7 Rd8 40. Rf4 Qb3 41. b6 Qd5+ 42. Qxd5 Rxd5 43. Kf3 Rb5 44. Ke3 Rxb6 45. Kd3 Kf8 46. Kc4 Ke7 47. Kc5 Rb8 48. b5 Rc8+ 49. Kb6 Rc3 50. h4 f6 51. Kb7 Ke6 52. b6 Ke5 53. Ra4 Kd6 54. Ka7 Rb3 55. b7 Kc7 56. b8=Q+ 1-0

[Event "IIFL Wealth 4th Mumbai Open"]
[Site "Mumbai"]
[Date "2019.01.05"]
[Round "7"]
[White "Arhan Chethan Anand"]
[Black "Sheikh Jahan"]
[Result "1-0"]
[ECO "E91"]
[WhiteElo "1710"]
[BlackElo "1526"]
[Annotator "NA"]
[PlyCount "113"]
[EventDate "2018.12.30"]
[EventType "swiss"]
[EventCountry "IND"]
[SourceTitle "playchess.com"]
[Source "ChessBase"]
[SourceQuality "1"]
[TimeControl "40/5400+30:1800+30"]

1. d4 Nf6 2. c4 d6 3. Nc3 g6 4. e4 Bg7 5. Be2 O-O 6. Nf3 Nc6 7. O-O e5 8. Be3 Ng4 9. Bg5 f6 10. Bc1 exd4 11. Nxd4 Nxd4 12. Qxd4 Kh8 13. Qd1 Ne5 14. Be3 Be6 15. Nd5 f5 16. exf5 Bxf5 17. Bd4 c6 18. Ne3 Be6 19. f4 Nf7 20. Bxg7+ Kxg7 21. Bg4 Qb6 22. Re1 Bxg4 23. Qxg4 Rae8 24. Qg3 Nh6 25. Qf2 Qd4 26. Rad1 Qxf4 27. Qxf4 Rxf4 28. Nf5+ Nxf5 29. Rxe8 Rxc4 30. Re2 d5 31. b3 Rb4 32. Rd3 h5 33. a3 Rb6 34. g3 Nd6 35. Re6 Ne4 36. Rf3 a5 37. Re7+ Kh6 38. h4 g5 39. Rff7 gxh4 40. gxh4 Kg6 41. Rxb7 Rxb3 42. Rg7+ Kf6 43. Rxb3 Kxg7 44. Rb7+ Kf8 45. Kf1 Ng3+ 46. Kf2 Nf5 47. Rc7 Nd4 48. a4 Ke8 49. Rh7 Kd8 50. Rxh5 Kc7 51. Rg5 Ne6 52. Rg6 Nf4 53. Rf6 Nd3+ 54. Ke2 Ne5 55. h5 d4 56. h6 d3+ 57. Kd2 1-0

[Event "IIFL Wealth 4th Mumbai Open"]
[Site "Mumbai"]
[Date "2019.01.05"]
[Round "7"]
[White "Deepak, Rai"]
[Black "Rushyendra Chowdary Kantipudi"]
[Result "1-0"]
[ECO "D00"]
[WhiteElo "1710"]
[BlackElo "1527"]
[Annotator "NA"]
[PlyCount "69"]
[EventDate "2018.12.30"]
[EventType "swiss"]
[EventCountry "IND"]
[SourceTitle "playchess.com"]
[Source "ChessBase"]
[SourceQuality "1"]
[TimeControl "40/5400+30:1800+30"]

1. d4 d5 2. Bf4 Bf5 3. e3 e6 4. Bd3 Bxd3 5. Qxd3 c6 6. Nf3 Nf6 7. Nbd2 Nbd7 8. O-O Be7 9. c4 O-O 10. h3 h6 11. c5 b6 12. b4 a5 13. a3 b5 14. a4 bxa4 15. b5 Qc8 16. Rfc1 Qb7 17. b6 Ra6 18. Rxa4 Rfa8 19. Nb3 Ne4 20. Bc7 f6 21. Nfd2 Nxd2 22. Qxd2 Qc8 23. Rca1 Qe8 24. Rxa5 Qc8 25. R1a4 Bd8 26. Rxa6 Rxa6 27. Rxa6 Bxc7 28. Qa2 Bb8 29. Ra8 Qe8 30. Qa7 e5 31. Rxb8 Nxb8 32. Qc7 Kh7 33. b7 exd4 34. Nxd4 Qe5 35. Qc8 1-0

[Event "IIFL Wealth 4th Mumbai Open"]
[Site "Mumbai"]
[Date "2019.01.05"]
[Round "7"]
[White "Tamhankar, Siddhant"]
[Black "Marium Fatima"]
[Result "1-0"]
[ECO "C05"]
[WhiteElo "1704"]
[BlackElo "1494"]
[Annotator "NA"]
[PlyCount "133"]
[EventDate "2018.12.30"]
[EventType "swiss"]
[EventCountry "IND"]
[SourceTitle "playchess.com"]
[Source "ChessBase"]
[SourceQuality "1"]
[TimeControl "40/5400+30:1800+30"]

1. e4 e6 2. d4 d5 3. Nd2 Nf6 4. Bd3 Be7 5. Ngf3 O-O 6. O-O c5 7. c3 Nc6 8. Re1 dxe4 9. Nxe4 cxd4 10. cxd4 Nxd4 11. Bg5 Nxe4 12. Bxe7 Qxe7 13. Rxe4 Nxf3+ 14. Qxf3 Bd7 15. Qh3 f5 16. Re5 Qf6 17. Rae1 Rae8 18. Qe3 a6 19. Bc4 Qg6 20. Qb3 b5 21. Bxe6+ Bxe6 22. Rxe6 Rxe6 23. Rxe6 Qf7 24. Qd5 h6 25. h3 Kh8 26. Qe5 a5 27. Rxh6+ Kg8 28. Re6 f4 29. Re7 Qf6 30. Qxf6 Rxf6 31. Re5 Rd6 32. Rxb5 Rd1+ 33. Kh2 Rd2 34. f3 Kh7 35. a4 g6 36. b3 Rb2 37. h4 Kg7 38. Kh3 Kh6 39. Rb7 Rd2 40. Rb5 Rb2 41. Rb6 Rd2 42. b4 Rd4 43. bxa5 Rxa4 44. Ra6 Ra2 45. Ra7 Ra1 46. a6 Ra2 47. Ra8 Kh7 48. a7 Kg7 49. g3 fxg3 50. Kxg3 Ra4 51. f4 Ra3+ 52. Kg4 Ra5 53. h5 gxh5+ 54. Kh4 Kh7 55. f5 Ra4+ 56. Kxh5 Ra5 57. Kg4 Ra4+ 58. Kf3 Ra6 59. Ke4 Ra4+ 60. Kd3 Ra3+ 61. Kc2 Ra2+ 62. Kb1 Ra6 63. f6 Rb6+ 64. Kc2 Rc6+ 65. Kb3 Rb6+ 66. Kc4 Rxf6 67. Rd8 1-0

[Event "IIFL Wealth 4th Mumbai Open"]
[Site "Mumbai"]
[Date "2019.01.05"]
[Round "7"]
[White "Joglekar, Abhijit"]
[Black "Abhinav Dubey"]
[Result "1-0"]
[ECO "B92"]
[WhiteElo "1692"]
[BlackElo "1425"]
[Annotator "NA"]
[PlyCount "97"]
[EventDate "2018.12.30"]
[EventType "swiss"]
[EventCountry "IND"]
[SourceTitle "playchess.com"]
[Source "ChessBase"]
[SourceQuality "1"]
[TimeControl "40/5400+30:1800+30"]

1. e4 c5 2. Nf3 d6 3. d4 cxd4 4. Nxd4 Nf6 5. Nc3 a6 6. Be2 e5 7. Nb3 Be7 8. Be3 Be6 9. f3 O-O 10. Qd2 Qc7 11. g4 d5 12. Nxd5 Nxd5 13. exd5 Bh4+ 14. Kf1 Rd8 15. c4 Qe7 16. Kg2 f5 17. h3 f4 18. Bb6 Rd7 19. Bd3 Bf7 20. Bf5 Rd6 21. Bc5 Nd7 22. Bxd6 Qxd6 23. Bxd7 Qxd7 24. Qe2 Re8 25. Nc5 Qc7 26. Ne4 b5 27. b3 Rb8 28. Rhd1 bxc4 29. bxc4 Bg6 30. Rd2 Qa5 31. Rad1 Qa3 32. Rd3 Qe7 33. d6 Qd8 34. c5 h5 35. c6 hxg4 36. hxg4 Rb4 37. Rb3 Rxb3 38. axb3 Bxe4 39. Qxe4 Qa5 40. Qd5+ Qxd5 41. Rxd5 Bf6 42. c7 Kf7 43. c8=Q Kg6 44. Qe8+ Kh7 45. Qh5+ Kg8 46. Rc5 Bd8 47. Rc8 g5 48. Qg6+ Kh8 49. Rxd8# 1-0

[Event "IIFL Wealth 4th Mumbai Open"]
[Site "Mumbai"]
[Date "2019.01.05"]
[Round "7"]
[White "Shetye, Shyam"]
[Black "Gupta R K"]
[Result "1-0"]
[ECO "C46"]
[WhiteElo "1685"]
[BlackElo "1451"]
[Annotator "NA"]
[PlyCount "91"]
[EventDate "2018.12.30"]
[EventType "swiss"]
[EventCountry "IND"]
[SourceTitle "playchess.com"]
[Source "ChessBase"]
[SourceQuality "1"]
[TimeControl "40/5400+30:1800+30"]

1. e4 e5 2. Nf3 Nc6 3. Nc3 Bc5 4. Bb5 a6 5. Ba4 Nf6 6. Nxe5 Bxf2+ 7. Kxf2 Nxe5 8. Rf1 Nfg4+ 9. Kg1 Qh4 10. h3 Qg3 11. hxg4 Nxg4 12. Rf3 Qh2+ 13. Kf1 Qh1+ 14. Ke2 Qxg2+ 15. Ke1 Nh2 16. Rf2 Qg1+ 17. Ke2 Qg4+ 18. Ke1 Qg3 19. Ke2 b5 20. Qh1 Ng4 21. Rf3 Qe5 22. Qg2 d5 23. d4 Qxd4 24. Rd3 Qe5 25. Rxd5 Qh2 26. Qxh2 Nxh2 27. Bf4 Ng4 28. Bb3 Nf6 29. Re5+ Kf8 30. Rf1 Bg4+ 31. Kd2 Rd8+ 32. Kc1 c5 33. Rxc5 b4 34. Nd5 Nxe4 35. Rc7 Be6 36. Nxb4 Bxb3 37. axb3 f6 38. Re1 Nf2 39. Bg3 Ng4 40. Ree7 h5 41. Rf7+ Kg8 42. Rxg7+ Kf8 43. Rcf7+ Ke8 44. Nxa6 Rc8 45. Nc7+ Rxc7 46. Rxc7 1-0

[Event "IIFL Wealth 4th Mumbai Open"]
[Site "Mumbai"]
[Date "2019.01.05"]
[Round "7"]
[White "Mayank Chakraborty"]
[Black "Shravan Swaminathan"]
[Result "1-0"]
[ECO "B12"]
[WhiteElo "1677"]
[BlackElo "1569"]
[Annotator "NA"]
[PlyCount "109"]
[EventDate "2018.12.30"]
[EventType "swiss"]
[EventCountry "IND"]
[SourceTitle "playchess.com"]
[Source "ChessBase"]
[SourceQuality "1"]
[TimeControl "40/5400+30:1800+30"]

1. e4 c6 2. d4 d5 3. Nd2 e6 4. Ngf3 Nf6 5. Bd3 Be7 6. c3 dxe4 7. Nxe4 Nbd7 8. O-O O-O 9. Bf4 Nxe4 10. Bxe4 Nf6 11. Bc2 b6 12. Ne5 Bb7 13. Qd3 g6 14. Qh3 Nd7 15. Bh6 Re8 16. Ng4 f5 17. Ne3 Bg5 18. Rfe1 Bxh6 19. Qxh6 Qf6 20. Bb3 Kh8 21. Nc4 e5 22. dxe5 Nxe5 23. Qe3 f4 24. Qe4 Re7 25. Nxe5 Rae8 26. Qd4 Rxe5 27. Rxe5 Qxe5 28. Re1 Qxd4 29. Rxe8+ Kg7 30. cxd4 Ba6 31. Re7+ Kf6 32. Rxh7 Bb5 33. Rxa7 g5 34. Rb7 Bd3 35. Rxb6 Ke7 36. Rxc6 Kd7 37. Rh6 g4 38. Be6+ Ke7 39. Bxg4 Kf7 40. a4 Kg7 41. Rb6 Kf7 42. a5 Ke7 43. a6 Bxa6 44. Rxa6 Kd8 45. Ra7 Ke8 46. Bh5+ Kd8 47. d5 Kc8 48. d6 Kd8 49. Bg4 Ke8 50. Rd7 Kf8 51. Re7 Kg8 52. d7 Kf8 53. Rh7 Kg8 54. Bf5 Kf8 55. d8=Q# 1-0

[Event "IIFL Wealth 4th Mumbai Open"]
[Site "Mumbai"]
[Date "2019.01.05"]
[Round "7"]
[White "Sunil, Vaidya"]
[Black "Tanuj, Dayal"]
[Result "1-0"]
[ECO "A40"]
[WhiteElo "1663"]
[BlackElo "1803"]
[Annotator "NA"]
[PlyCount "81"]
[EventDate "2018.12.30"]
[EventType "swiss"]
[EventCountry "IND"]
[SourceTitle "playchess.com"]
[Source "ChessBase"]
[SourceQuality "1"]
[TimeControl "40/5400+30:1800+30"]

1. d4 e6 2. Bf4 Nf6 3. e3 c5 4. Nd2 d5 5. dxc5 Bxc5 6. Nb3 Be7 7. Nf3 O-O 8. Bd3 Nc6 9. O-O h6 10. c4 Bd6 11. c5 Bxf4 12. exf4 Qc7 13. g3 Nb4 14. a3 Nxd3 15. Qxd3 Bd7 16. Rac1 Rac8 17. Ne5 a6 18. Nd4 Ne4 19. b4 Ba4 20. Ng4 Qe7 21. f3 Nf6 22. Rfe1 Nxg4 23. fxg4 Qf6 24. Re5 Rc7 25. Rce1 Re8 26. g5 hxg5 27. fxg5 Qd8 28. Qe3 Rce7 29. Qf4 g6 30. h4 Bd7 31. Kg2 Kh7 32. h5 Rh8 33. hxg6+ Kg8 34. Qf6 fxg6 35. Nxe6 Qe8 36. Nf4 Rxe5 37. Rxe5 Qf7 38. Re7 Qxf6 39. gxf6 Bf5 40. Re8+ Kh7 41. f7 1-0

[Event "IIFL Wealth 4th Mumbai Open"]
[Site "Mumbai"]
[Date "2019.01.05"]
[Round "7"]
[White "Aditya, Ramanathan"]
[Black "Mokashi Rohit"]
[Result "1/2-1/2"]
[ECO "B01"]
[WhiteElo "1602"]
[BlackElo "1641"]
[Annotator "NA"]
[PlyCount "117"]
[EventDate "2018.12.30"]
[EventType "swiss"]
[EventCountry "IND"]
[SourceTitle "playchess.com"]
[Source "ChessBase"]
[SourceQuality "1"]
[TimeControl "40/5400+30:1800+30"]

1. e4 d5 2. exd5 Nf6 3. d4 Bg4 4. Be2 Bxe2 5. Nxe2 Qxd5 6. O-O e6 7. Nbc3 Qh5 8. Bf4 c6 9. Qd3 Nbd7 10. Qg3 Qg6 11. Qxg6 hxg6 12. Rfe1 Nb6 13. Ng3 Rh4 14. Be5 O-O-O 15. Nge4 Nxe4 16. Nxe4 Nc4 17. Bg3 Rh5 18. b3 Na3 19. Rac1 Rxd4 20. c3 Rd7 21. Red1 Rhd5 22. Rxd5 Rxd5 23. c4 Rd7 24. Kf1 Be7 25. Ke2 f5 26. Nd2 Bf6 27. Nf3 g5 28. Be5 g4 29. Bxf6 gxf3+ 30. gxf3 gxf6 31. h4 Rh7 32. Rg1 Nc2 33. c5 b6 34. cxb6 axb6 35. Rg6 Rxh4 36. Rxf6 Kd7 37. Rf7+ Kd6 38. Rb7 Rb4 39. Kd3 Ne1+ 40. Kc3 Rf4 41. Rxb6 Rxf3+ 42. Kd2 Nd3 43. Ke2 e5 44. Kxf3 e4+ 45. Ke3 Kd5 46. a4 f4+ 47. Ke2 Kc5 48. Rb8 Kd4 49. Rd8+ Kc3 50. Rxd3+ exd3+ 51. Kd1 Kb4 52. Kd2 c5 53. a5 Kxa5 54. Kxd3 Kb4 55. Kc2 c4 56. bxc4 Kxc4 57. f3 Kd4 58. Kd2 Kc4 59. Kc1 1/2-1/2